MLB
COLORADO ROCKIES @ TAMPA BAY RAYS
04/01/2019
 
TOP OF THE 1ST
Colorado Rockies batting - Pitching for Tampa Bay Rays : RHP Josh Tomlin
Pitching: RHP Josh Tomlin
Batting: RHB Anthony Alford 0-0: Called Strike
0-1: Ground out 4-3 (Groundball, 4M, EV 83.1 MPH)
Batting: LHB Jake Bauers 0-0: Called Strike
0-1: Called Strike
0-2: Ball
1-2: Strikes out swinging
Batting: RHB Mike Trout 0-0: Called Strike
0-1: Ball
1-1: Called Strike
1-2: Strikes out looking
Top of the 1st over - 0 runs, 0 hits, 0 errors, 0 left on base; Colorado 0 - Tampa Bay 0
BOTTOM OF THE 1ST
Tampa Bay Rays batting - Pitching for Colorado Rockies : LHP Derek Holland
Pitching: LHP Derek Holland
Batting: LHB Adam Eaton 0-0: Called Strike
0-1: Foul Ball, location: 2F
0-2: SINGLE (Line Drive, 8LS, EV 94.4 MPH)
Batting: RHB Xander Bogaerts 0-0: Ball
1-0: Ball
2-0: Foul Ball, location: 2F
2-1: Called Strike
2-2: Ball
3-2: Foul Ball, location: 2F
3-2: Foul Ball, location: 2F
3-2: Foul Ball, location: 2F
3-2: SINGLE (Line Drive, 78S, EV 93.1 MPH)
Adam Eaton to second
Batting: LHB Michael Conforto 0-0: Fly out, F9 (Flyball, 9, EV 89.4 MPH)
Batting: RHB Nelson Cruz 0-0: Ball
1-0: Swinging Strike
1-1: Swinging Strike
1-2: Strikes out looking
Batting: RHB Marcell Ozuna 0-0: SINGLE (Flyball, 8LS, EV 94.4 MPH)
Adam Eaton to third
Xander Bogaerts to second
Batting: RHB Enrique Hernandez 0-0: Ball
1-0: Ball
2-0: Foul Ball, location: 2F
2-1: Swinging Strike
2-2: Ball
3-2: SINGLE (Flyball, 9S, EV 91.9 MPH)
Adam Eaton scores
Xander Bogaerts to third
Marcell Ozuna to second
Xander Bogaerts scores
Marcell Ozuna to third
Batting: SHB Matt Wieters 0-0: Ball
1-0: Ground out 4-3 (Groundball, 4, EV 91.3 MPH)
Bottom of the 1st over - 2 runs, 4 hits, 0 errors, 2 left on base; Colorado 0 - Tampa Bay 2
TOP OF THE 2ND
Colorado Rockies batting - Pitching for Tampa Bay Rays : RHP Josh Tomlin
Batting: RHB Bryce Brentz 0-0: Called Strike
0-1: Swinging Strike
0-2: Ball
1-2: Ball
2-2: Strikes out swinging
Batting: LHB Tommy La Stella 0-0: Fly out, F7 (Flyball, 78S, EV 91.3 MPH)
Batting: RHB Brandon Drury 0-0: Ground out 6-3 (Groundball, 6MS, EV 69.4 MPH)
Top of the 2nd over - 0 runs, 0 hits, 0 errors, 0 left on base; Colorado 0 - Tampa Bay 2
BOTTOM OF THE 2ND
Tampa Bay Rays batting - Pitching for Colorado Rockies : LHP Derek Holland
Batting: RHB Zack Cozart 0-0: Ball
1-0: Ball
2-0: Ball
3-0: Called Strike
3-1: Called Strike
3-2: Base on Balls
Batting: RHB DJ LeMahieu 0-0: Fly out, F8 (Flyball, 8RD, EV 96.9 MPH)
Batting: LHB Adam Eaton 0-0: Called Strike
0-1: Grounds into double play, 6-4-3 (Groundball, 6M, EV 85.0 MPH)
Bottom of the 2nd over - 0 runs, 0 hits, 0 errors, 0 left on base; Colorado 0 - Tampa Bay 2
TOP OF THE 3RD
Colorado Rockies batting - Pitching for Tampa Bay Rays : RHP Josh Tomlin
Batting: LHB Patrick Mazeika 0-0: Ball
1-0: Called Strike
1-1: Ground out U3 (Groundball, 3, EV 103.8 MPH)
Batting: RHB Dustin Peterson 0-0: Ball
1-0: Ground out 4-3 (Groundball, 4, EV 83.1 MPH)
Batting: RHB JaCoby Jones 0-0: Called Strike
0-1: Ball
1-1: Ground out 5-3 (Groundball, 5, EV 83.8 MPH)
Top of the 3rd over - 0 runs, 0 hits, 0 errors, 0 left on base; Colorado 0 - Tampa Bay 2
BOTTOM OF THE 3RD
Tampa Bay Rays batting - Pitching for Colorado Rockies : LHP Derek Holland
Batting: RHB Xander Bogaerts 0-0: Ball
1-0: Called Strike
1-1: Foul Ball, location: 2F
1-2: Ground out 6-3 (Groundball, 6, EV 99.4 MPH)
Batting: LHB Michael Conforto 0-0: Called Strike
0-1: Ball
1-1: Foul Ball, location: 2F
1-2: Ball
2-2: Ground out 4-3 (Groundball, 4, EV 81.3 MPH)
Batting: RHB Nelson Cruz 0-0: Foul Ball, location: 2F
0-1: Foul Ball, location: 2F
0-2: Hit by Pitch
Batting: RHB Marcell Ozuna 0-0: Ball
1-0: Called Strike
1-1: Called Strike
1-2: Strikes out swinging
Bottom of the 3rd over - 0 runs, 0 hits, 0 errors, 1 left on base; Colorado 0 - Tampa Bay 2
TOP OF THE 4TH
Colorado Rockies batting - Pitching for Tampa Bay Rays : RHP Josh Tomlin
Batting: RHB Anthony Alford 0-0: Called Strike
0-1: Fly out, F8 (Flyball, 8RD, EV 90.0 MPH)
Batting: LHB Jake Bauers 0-0: Called Strike
0-1: Ball
1-1: Called Strike
1-2: SINGLE (Line Drive, 89S, EV 91.3 MPH)
Batting: RHB Mike Trout 0-0: Ball
1-0: Called Strike
Jake Bauers steals 2nd base
1-1: Ball
2-1: Called Strike
2-2: SINGLE (Line Drive, 78S, EV 93.8 MPH)
Jake Bauers to third
Batting: RHB Bryce Brentz 0-0: Ball
1-0: Grounds into double play, 6-4-3 (Groundball, 6, EV 81.3 MPH)
Top of the 4th over - 0 runs, 2 hits, 0 errors, 1 left on base; Colorado 0 - Tampa Bay 2
BOTTOM OF THE 4TH
Tampa Bay Rays batting - Pitching for Colorado Rockies : LHP Derek Holland
Batting: RHB Enrique Hernandez 0-0: Called Strike
0-1: SINGLE (Line Drive, 6D, EV 95.0 MPH)
Batting: SHB Matt Wieters 0-0: Called Strike
0-1: Swinging Strike
0-2: Ball
1-2: Strikes out looking
Batting: RHB Zack Cozart 0-0: Ball
1-0: Swinging Strike
1-1: Ball
2-1: Swinging Strike
2-2: Strikes out swinging
Batting: RHB DJ LeMahieu 0-0: Ball
1-0: Ball
2-0: Ball
3-0: Base on Balls
Enrique Hernandez to second
Batting: LHB Adam Eaton 0-0: Swinging Strike
0-1: Ball
1-1: Ball
2-1: Fly out, F7 (Flyball, 7S, EV 85.0 MPH)
Bottom of the 4th over - 0 runs, 1 hit, 0 errors, 2 left on base; Colorado 0 - Tampa Bay 2
TOP OF THE 5TH
Colorado Rockies batting - Pitching for Tampa Bay Rays : RHP Josh Tomlin
Batting: LHB Tommy La Stella 0-0: Called Strike
0-1: Ball
1-1: Ball
2-1: Called Strike
2-2: Ball
3-2: SOLO HOME RUN (Flyball, 9LD, EV 107.5 MPH), Distance : 339 ft
Batting: RHB Brandon Drury 0-0: Ball
1-0: Ball
2-0: Fly out, F9 (Flyball, 9, EV 86.3 MPH)
Batting: LHB Patrick Mazeika 0-0: Ball
1-0: Called Strike
1-1: Ground out U3 (Groundball, 3, EV 100.0 MPH)
Batting: RHB Dustin Peterson 0-0: Fly out, F6 (Popup, 6M, EV 71.9 MPH)
Top of the 5th over - 1 run, 1 hit, 0 errors, 0 left on base; Colorado 1 - Tampa Bay 2
BOTTOM OF THE 5TH
Tampa Bay Rays batting - Pitching for Colorado Rockies : LHP Derek Holland
Batting: RHB Xander Bogaerts 0-0: Foul Ball, location: 2F
0-1: Called Strike
0-2: Fly out, F8 (Line Drive, 8RM, EV 95.0 MPH)
Batting: LHB Michael Conforto 0-0: Called Strike
0-1: Ball
1-1: Foul Ball, location: 2F
1-2: Hit by Pitch
Batting: RHB Nelson Cruz 0-0: Ball
1-0: Ball
2-0: Grounds into double play, 5-4-3 (Groundball, 5, EV 108.1 MPH)
Bottom of the 5th over - 0 runs, 0 hits, 0 errors, 0 left on base; Colorado 1 - Tampa Bay 2
TOP OF THE 6TH
Colorado Rockies batting - Pitching for Tampa Bay Rays : RHP Josh Tomlin
Batting: RHB JaCoby Jones 0-0: Ball
1-0: Called Strike
1-1: Called Strike
1-2: Ball
2-2: Ground out 6-3 (Groundball, 6M, EV 86.9 MPH)
Batting: RHB Anthony Alford 0-0: Ball
1-0: Called Strike
1-1: DOUBLE (Line Drive, 89D, EV 99.4 MPH)
Batting: LHB Jake Bauers 0-0: Ball
1-0: Called Strike
1-1: Swinging Strike
1-2: Strikes out swinging
Batting: RHB Mike Trout 0-0: Ball
1-0: Ball
2-0: Called Strike
2-1: Fly out, F8 (Line Drive, 8RM, EV 111.3 MPH)
Top of the 6th over - 0 runs, 1 hit, 0 errors, 1 left on base; Colorado 1 - Tampa Bay 2
BOTTOM OF THE 6TH
Tampa Bay Rays batting - Pitching for Colorado Rockies : LHP Derek Holland
Batting: RHB Marcell Ozuna 0-0: Ground out 1-3 (Groundball, 34S, EV 85.6 MPH)
Batting: RHB Enrique Hernandez 0-0: Foul Ball, location: 2F
0-1: Ball
1-1: Foul Ball, location: 2F
1-2: Ball
2-2: Ball
3-2: Foul Ball, location: 2F
3-2: Foul Ball, location: 2F
3-2: Fly out, F7 (Line Drive, 7, EV 96.3 MPH)
Batting: SHB Matt Wieters 0-0: Ball
1-0: Called Strike
1-1: Ball
2-1: Called Strike
2-2: SINGLE (Flyball, 8RS, EV 89.4 MPH)
Batting: RHB Zack Cozart 0-0: Fielders Choice at 2nd, 5-4 (Groundball, 56, EV 102.5 MPH)
Bottom of the 6th over - 0 runs, 1 hit, 0 errors, 1 left on base; Colorado 1 - Tampa Bay 2
TOP OF THE 7TH
Colorado Rockies batting - Pitching for Tampa Bay Rays : RHP Josh Tomlin
Batting: RHB Bryce Brentz 0-0: Ball
1-0: Swinging Strike
1-1: Swinging Strike
1-2: Strikes out swinging
Batting: LHB Tommy La Stella 0-0: Foul Ball, location: 2F
0-1: Swinging Strike
0-2: Strikes out swinging
Batting: RHB Brandon Drury 0-0: Swinging Strike
0-1: Called Strike
0-2: Foul Ball, location: 2F
0-2: Foul Ball, location: 2F
0-2: Strikes out looking
Top of the 7th over - 0 runs, 0 hits, 0 errors, 0 left on base; Colorado 1 - Tampa Bay 2
BOTTOM OF THE 7TH
Tampa Bay Rays batting - Pitching for Colorado Rockies : LHP Derek Holland
Pitching: LHP Jeffrey Springs
Batting: RHB DJ LeMahieu 0-0: DOUBLE (Flyball, 8RXD, EV 93.8 MPH)
Batting: LHB Adam Eaton 0-0: Called Strike
0-1: Ball
1-1: Swinging Strike
1-2: Ball
2-2: Ball
3-2: Base on Balls
Batting: RHB Xander Bogaerts 0-0: Sac Bunt to 3S - play at first, batter OUT! 3-1
DJ LeMahieu to third
Adam Eaton to second
Batting: LHB Michael Conforto 0-0: Called Strike
0-1: Called Strike
0-2: Ball
1-2: Ball
2-2: Foul Ball, location: 2F
2-2: Strikes out swinging
Batting: RHB Nelson Cruz 0-0: Ball
1-0: Ball
2-0: Called Strike
2-1: Called Strike
2-2: Ball
3-2: Foul Ball, location: 2F
3-2: Strikes out looking
Bottom of the 7th over - 0 runs, 1 hit, 0 errors, 2 left on base; Colorado 1 - Tampa Bay 2
TOP OF THE 8TH
Colorado Rockies batting - Pitching for Tampa Bay Rays : RHP Josh Tomlin
Batting: LHB Patrick Mazeika 0-0: Fly out, F4 (Popup, 4D, EV 58.1 MPH)
Batting: RHB Dustin Peterson Error on foul ball, E5
0-1: Swinging Strike
0-2: Ball
1-2: Ball
2-2: SINGLE (Groundball, 6MD, EV 101.9 MPH)
Batting: RHB JaCoby Jones 0-0: Called Strike
0-1: Fielders Choice at 2nd, 6-4 (Groundball, 6, EV 87.5 MPH)
Batting: RHB Anthony Alford 0-0: Ball
Wild Pitch!
JaCoby Jones to second
Balk!
JaCoby Jones to third
1-0: SINGLE (Line Drive, 4MD, EV 100.6 MPH)
JaCoby Jones scores
Batting: LHB Jake Bauers 0-0: DOUBLE (Groundball, 3L, EV 105.0 MPH)
Anthony Alford to third
Runner from 3rd tries for Home, throw by RF and OUT! 9-4-2
Top of the 8th over - 1 run, 3 hits, 1 error, 1 left on base; Colorado 2 - Tampa Bay 2
BOTTOM OF THE 8TH
Tampa Bay Rays batting - Pitching for Colorado Rockies : LHP Jeffrey Springs
Pitching: RHP Kazuhisa Makita
Batting: RHB Marcell Ozuna 0-0: Ball
1-0: Swinging Strike
1-1: Foul Ball, location: 2F
1-2: Foul Ball, location: 2F
1-2: Ball
2-2: Strikes out swinging
Batting: RHB Enrique Hernandez 0-0: Called Strike
0-1: Ball
1-1: Ground out 4-3 (Groundball, 4, EV 101.9 MPH)
Batting: SHB Matt Wieters 0-0: Ball
1-0: Ball
2-0: SINGLE (Groundball, 4MD, EV 95.0 MPH)
Batting: RHB Zack Cozart 0-0: Ball
1-0: Fly out, F7 (Line Drive, 7, EV 100.6 MPH)
Bottom of the 8th over - 0 runs, 1 hit, 0 errors, 1 left on base; Colorado 2 - Tampa Bay 2
TOP OF THE 9TH
Colorado Rockies batting - Pitching for Tampa Bay Rays : RHP Josh Tomlin
Batting: RHB Mike Trout 0-0: Ball
1-0: Called Strike
1-1: Swinging Strike
1-2: Foul Ball, location: 2F
1-2: Fly out, F9 (Line Drive, 9D, EV 104.4 MPH)
Batting: RHB Bryce Brentz 0-0: Ball
1-0: Ground out U3 (Groundball, 3, EV 87.5 MPH)
Batting: LHB Tommy La Stella 0-0: Called Strike
0-1: Ball
1-1: Foul Ball, location: 2F
1-2: Ball
2-2: DOUBLE (Line Drive, 89D, EV 98.8 MPH)
Pitching: RHP Keone Kela
Batting: RHB Brandon Drury 0-0: Called Strike
0-1: Fly out, F7 (Flyball, 78S, EV 87.5 MPH)
Top of the 9th over - 0 runs, 1 hit, 0 errors, 1 left on base; Colorado 2 - Tampa Bay 2
BOTTOM OF THE 9TH
Tampa Bay Rays batting - Pitching for Colorado Rockies : RHP Kazuhisa Makita
Pitching: LHP Adam Conley
Batting: RHB DJ LeMahieu 0-0: Ball
1-0: Fly out, F9 (Line Drive, 9, EV 88.1 MPH)
Batting: LHB Adam Eaton 0-0: Ball
1-0: Called Strike
1-1: Fly out, F9 (Line Drive, 9D, EV 94.4 MPH)
Batting: RHB Xander Bogaerts 0-0: Called Strike
0-1: Swinging Strike
0-2: Foul Ball, location: 2F
0-2: Ground out 6-3 (Groundball, 6, EV 80.0 MPH)
Bottom of the 9th over - 0 runs, 0 hits, 0 errors, 0 left on base; Colorado 2 - Tampa Bay 2
TOP OF THE 10TH
Colorado Rockies batting - Pitching for Tampa Bay Rays : RHP Keone Kela
Batting: LHB Patrick Mazeika 0-0: Ball
1-0: Foul Ball, location: 2F
1-1: Ground out 4-3 (Groundball, 4, EV 79.4 MPH)
Batting: RHB Dustin Peterson 0-0: Swinging Strike
0-1: Foul Ball, location: 2F
0-2: Foul Ball, location: 2F
0-2: Strikes out swinging
Batting: RHB JaCoby Jones 0-0: Called Strike
0-1: Fly out, F7 (Flyball, 7LSF, EV 90.6 MPH)
Top of the 10th over - 0 runs, 0 hits, 0 errors, 0 left on base; Colorado 2 - Tampa Bay 2
BOTTOM OF THE 10TH
Tampa Bay Rays batting - Pitching for Colorado Rockies : LHP Adam Conley
Pitching: RHP Ryan Brasier
Batting: LHB Michael Conforto 0-0: Called Strike
0-1: Ball
1-1: Called Strike
1-2: Foul Ball, location: 2F
1-2: DOUBLE (Flyball, 7LD, EV 114.4 MPH)
Batting: RHB Nelson Cruz 0-0: Fly out, F7 (Flyball, 7, EV 90.0 MPH)
Runner from 2nd tags up, SAFE at 3rd with throw by LF
Batting: RHB Marcell Ozuna 0-0: Ball
1-0: Foul Ball, location: 2F
1-1: Foul Ball, location: 2F
1-2: 2-RUN HOME RUN (Flyball, 7LD, EV 105.6 MPH), Distance : 352 ft
Monday, July 1st, 2019 - OOTP Baseball 20.5 Build 52